 Dungeon Crawl Stone Soup version 0.26.1-2-gb8aa6d0cf2 (webtiles) character file.

Game seed: 2495099083148503959

44 pascalblue the Digger (level 3, -4/19 HPs)
             Began as a Deep Elf Earth Elementalist on Mar 11, 2021.
             Killed from afar by a white imp (11 damage)
             ... with a puff of frost
             ... summoned by Natasha
             ... on level 2 of the Dungeon.
             The game lasted 00:04:16 (1420 turns).

pascalblue the Digger (Deep Elf Earth Elementalist) Turns: 1420, Time: 00:04:17

Health: -4/19      AC:  3    Str:  5    XL:     3   Next: 41%
Magic:  5/9        EV: 13    Int: 20    God:
Gold:   36         SH:  0    Dex: 15    Spells: 7/8 levels left

rFire    . . .     SeeInvis .   f - +0 dagger
rCold    . . .     Faith    .   (no shield)
rNeg     . . .     Spirit   .   c - +0 robe
rPois    .         Reflect  .   (no helmet)
rElec    .         Harm     .   (no cloak)
rCorr    .         Rampage  .   (no gloves)
Will     .....                  a - +0 pair of boots
Stlth    ++........             (no amulet)
HPRegen  0.06/turn              (no ring)
MPRegen  0.11/turn              (no ring)

@: slowed, very slow
A: no striking features
a: no special abilities


You were on level 2 of the Dungeon.
You visited 1 branch of the dungeon, and saw 2 of its levels.

You collected 36 gold pieces.

Inventory:

Hand Weapons
 d - a +0 club
 f - a +0 dagger (weapon)
Missiles
 b - 23 stones
 i - 3 boomerangs
Armour
 a - a +0 pair of boots (worn)
 c - a +0 robe (worn)
Scrolls
 h - a scroll of blinking {unknown}
 j - a scroll of remove curse {unknown}
 k - a scroll of identify {unknown}
Potions
 e - 2 potions of attraction {unknown}
 g - a potion of flight {unknown}


   Skills:
 - Level 3.0 Dodging
 + Level 2.9 Stealth
 + Level 3.4 Spellcasting
 + Level 1.7 Transmutations
 * Level 4.0 Earth Magic


You had 7 spell levels left.
You knew the following spells:

 Your Spells              Type           Power        Failure   Level
a - Sandblast             Erth           38%          2%          1

Your spell library contained the following spells:

 Spells                   Type           Power        Failure   Level
 Passwall                 Tmut/Erth      11%          6%          2
 Stone Arrow              Conj/Erth      22%          19%         3
 Petrify                  Tmut/Erth      14%          38%         4
 Lee's Rapid Deconstruct  Erth           9%           58%         5


Dungeon Overview and Level Annotations

Branches:
Dungeon (2/15)

Altars:

Annotations:
D:2 Natasha


Message History

Confirm with . or Enter, or press ? or * to list all spells.
Aiming: Sandblast (safe; 2% risk of failure)
Press: ? - help, Shift-Dir - straight line, f - frilled lizard
Aim: a frilled lizard (34% to evade)
The blast of sand misses the frilled lizard.
The blast of sand hits the white imp but does no damage.
The frilled lizard closely misses you.
Natasha casts a spell.
Casting: Sandblast (safe; 2% risk of failure)
Confirm with . or Enter, or press ? or * to list all spells.
Aiming: Sandblast (safe; 2% risk of failure)
Press: ? - help, Shift-Dir - straight line, f/p - frilled lizard
Aim: a frilled lizard (34% to evade)
The blast of sand hits the frilled lizard!
You kill the frilled lizard!
The white imp laughs crazily.
The white imp gestures at you. The puff of frost hits you!
Ouch! That really hurt!
You die...

... .# ### ..# .##...
... ..# .#.... ##..
#.#####...... ...#
#.##.@.........
#..##.##5#..........
..##..#..h...#.......!.
......#55##.##..........
#...###†# #........##
##...###.###..........
..
#.......†...)........#
...
##.#.......)..........#
....
#...#......<..........#


You could see an iron imp (summoned), Natasha, a white imp (summoned) and a
shadow imp (summoned).

Vanquished Creatures
  An adder (D:2)
  A leopard gecko (D:1)
  6 bats
  5 giant cockroaches
  5 goblins (D:1)
  5 hobgoblins
  2 frilled lizards
  4 kobolds (D:1)
  4 rats
33 creatures vanquished.

Notes
Turn   | Place    | Note
-------+----------+-------------------------------------------
     0 | D:1      | pascalblue the Deep Elf Earth Elementalist began the quest
                  | for the Orb.
     0 | D:1      | Reached XP level 1. HP: 10/10 MP: 6/6
   361 | D:1      | Reached XP level 2. HP: 15/15 MP: 8/8
  1113 | D:1      | Reached XP level 3. HP: 12/19 MP: 5/9
  1385 | D:2      | Reached skill level 4 in Earth Magic
  1402 | D:2      | Noticed Natasha
  1420 | D:2      | Killed from afar by a white imp

Illustrated notes

Levels and vault maps discovered:
D:1:      mainiacjoe_arrival_reflecting_pool, layout_basic
D:2:      layout_rooms, kennysheep_generic_room_15, uniq_natasha

Skill      XL: |  1  2  3 |
---------------+----------+-----
Dodging        | 3 |  3.0
Earth Magic    | 4 |  4.0
Stealth        | |  2.9
Spellcasting   | |  3.4
Transmutations | |  1.7

Action                   || total
-------------------------++-------
Melee: Dagger            ||    75
       Unarmed           ||     2
 Cast: Sandblast         ||    31
 Stab: Sleeping          ||     5
Armor: Robe              ||    41
Dodge: Dodged            ||   103
